Map: Empire éternel EC

Players

Prøject - Winner!

  • Race: Terran Terran
  • League: Master
  • Spawn Location: 7:00

Trueno

  • Race: Protoss Protoss
  • League: Master
  • Spawn Location: 1:00

VOD

Have the link to the VOD?

Description

Time

  • Played on: Aug. 6, 2020, 9:57 a.m.
  • Length: 7:06
Show
View Real Time Build Order
Export as new Build Order

Prøject Terran - Winner!

Build Orders: Liberator Opening 

Get SALT Encoding   

  12  0:00  SCV  
  13  0:12  SCV  
  14  0:18  Supply Depot  
  14  0:24  SCV  
  15  0:40  SCV  
  15  0:41  Barracks  
  16  0:46  Refinery  
  16  0:52  SCV  
  17  1:04  SCV  
  18  1:18  SCV  
  19  1:30  Marine  
  19  1:31  Orbital Command  
  20  1:44  Command Center  
  20  1:56  Factory  
  20  2:01  Barracks Tech Lab  
  20  2:08  Supply Depot  
  20  2:15  SCV, Refinery  
  21  2:23  Marauder  
  23  2:30  SCV  
  24  2:40  Hellion  
  24  2:42  SCV  
  27  2:48  Marauder  
  29  2:54  Starport  
  29  2:56  Concussive Shells  
  29  3:00  SCV  
  32  3:06  Hellion  
  32  3:11  Marauder  
  34  3:14  SCV  
  35  3:21  Orbital Command  
  35  3:28  Supply Depot  
  35  3:32  Hellion  
  37  3:38  Medivac  
  37  3:40  SCV  
  40  3:52  SCV x2  
  42  3:56  Barracks Reactor  
  42  3:59  Refinery  
  42  4:04  SCV  
  46  4:11  Liberator  
  46  4:16  SCV  
  47  4:18  Siege Tank  
  47  4:23  SCV  
  51  4:24  Supply Depot  
  51  4:29  SCV  
  52  4:33  Marine x2  
  54  4:46  SCV x2  
  50  4:53  Siege Tank  
  50  4:59  Marine x2  
  50  5:01  Viking  
  50  5:05  SCV  
  48  5:11  SCV  
  49  5:17  SCV, Marine x2  
  52  5:22  Supply Depot  
  52  5:23  SCV  
  52  5:25  Siege Tank  
  56  5:30  SCV  
  56  5:31  Viking  
  56  5:35  SCV, Barracks  
  60  5:36  Marine x2  
  60  5:39  Barracks  
  62  5:44  SCV, Supply Depot  
  62  5:45  Supply Depot  
  62  5:48  SCV  
  64  5:55  Marine  
  64  5:56  SCV  
  66  5:57  Siege Tank  
  66  6:00  SCV  
  70  6:05  Starport Tech Lab  
  70  6:08  SCV  
  70  6:10  Engineering Bay  
  71  6:12  SCV  
  72  6:20  SCV  
  72  6:22  Refinery  
  72  6:23  Marine x2  
  72  6:24  SCV  
  76  6:32  Starport Reactor  
  76  6:33  SCV  
  76  6:38  SCV  
  78  6:42  Marine x2  
Show
View Real Time Build Order
Export as new Build Order

Trueno Protoss 

Build Orders: 1 Gate Expand, Blink Stalkers 

Get SALT Encoding   

  12  0:00  Probe  
  13  0:12  Probe  
  14  0:17  Pylon  
  14  0:24  Probe  
  15  0:35  Gateway  
  15  0:38  Probe (Chrono Boost)  
  16  0:49  Probe (Chrono Boost), Assimilator  
  17  0:54  Probe (Chrono Boost)  
  18  1:04  Probe  
  19  1:16  Probe  
  20  1:23  Cybernetics Core  
  20  1:35  Nexus  
  20  1:45  Pylon  
  20  1:47  Probe  
  21  1:55  Assimilator  
  21  2:00  Probe  
  21  2:01  Adept (Chrono Boost)  
  24  2:11  Warp Gate  
  24  2:12  Probe  
  25  2:24  Probe, Stalker  
  28  2:36  Probe (Chrono Boost)  
  29  2:43  Twilight Council  
  29  2:47  Probe (Chrono Boost)  
  31  2:54  Probe (Chrono Boost), Stalker  
  31  2:57  Probe (Chrono Boost)  
  34  3:01  Probe (Chrono Boost)  
  34  3:02  Probe (Chrono Boost)  
  37  3:12  Probe  
  37  3:14  Probe, Blink (Chrono Boost), Gateway  
  37  3:16  Pylon  
  38  3:29  Probe x2  
  40  3:39  Robotics Facility  
  40  3:45  Probe x2  
  42  3:49  Gateway  
  42  3:57  Probe x2, Pylon  
  44  4:04  Stalker  
  44  4:09  Probe  
  47  4:13  Probe  
  48  4:19  Nexus  
  48  4:22  Pylon  
  48  4:27  Stalker  
  48  4:30  Stalker  
  51  4:49  Stalker  
  49  4:57  Stalker  
  49  5:06  Probe (Chrono Boost)  
  49  5:09  Probe (Chrono Boost)  
  49  5:10  Robotics Bay  
  49  5:12  Assimilator  
  49  5:16  Assimilator  
  49  5:17  Observer (Chrono Boost)  
  49  5:18  Probe (Chrono Boost)  
  52  5:22  Probe (Chrono Boost)  
  52  5:23  Probe (Chrono Boost)  
  53  5:30  Probe, Observer (Chrono Boost)  
  53  5:31  Charge (Chrono Boost)  
  53  5:32  Probe  
  53  5:34  Probe, Gateway  
  57  5:36  Gateway  
  57  5:42  Probe, Gateway  
  58  5:44  Probe  
  58  5:46  Probe, Gateway  
  58  5:49  Stalker x2  
  62  5:50  Stalker  
  64  6:03  Probe x2  
  66  6:09  Colossus (Chrono Boost)  
  66  6:17  Zealot x3  
  78  6:21  Pylon  
  78  6:29  Shield Battery  
  78  6:31  Shield Battery  
  78  6:38  Zealot x3  
  78  6:39  Zealot  
  86  6:40  Sentry x2  
Tags
 
Add a new tag
Caveats
  • Supply blocks, unpowered buildings, or Contaminate may cause inaccurate times.
  • Supply counts are checked every 10 seconds.